 Dungeon Crawl Stone Soup version 0.30-a0-141-g30f27751c5 (webtiles) character file.

Game seed: 16800203730949714540

99 qw the Chopper (level 4, 0/28 HPs)
             Began as a Gargoyle Fighter on Sept 25, 2022.
             Killed by divine providence
             ... invoked by an orc priest
              (11 damage)
             ... on level 3 of the Dungeon.
             The game lasted 00:00:50 (1818 turns).

qw the Chopper (Gargoyle Fighter)                   Turns: 1818, Time: 00:00:50

Health: 0/28       AC: 12    Str: 21    XL:     4   Next: 72%
Magic:  4/4        EV: 11    Int:  9    God:
Gold:   75         SH:  4    Dex:  9    Spells: 3/3 levels left

rFire   . . .      SeeInvis .    Y - +0 war axe
rCold   + . .      Faith    .    c - +0 buckler
rNeg    + . .      Spirit   .    p - +0 chain mail
rPois   inf        Reflect  .    (no helmet)
rElec   +          Harm     .    (no cloak)
rCorr   .          Rampage  .    (no gloves)
Will    .....                    (no boots)
Stlth   ..........               (no amulet)
HPRegen 0.09/turn                g - ring of protection from cold
MPRegen 0.09/turn                o - +4 ring of evasion

@: no status effects
A: sickness immunity, AC +3, negative energy resistance 1, electricity
resistance, torment resistance 1, petrification resistance
a: no special abilities


You were on level 3 of the Dungeon.
You visited 1 branch of the dungeon, and saw 3 of its levels.

You collected 75 gold pieces.


Innate Abilities, Weirdness & Mutations

You are immune to sickness and miasma.
Your stone body is resilient. (AC +3)
You are immune to poison.
You resist negative energy. (rN+)
You are resistant to electric shocks. (rElec)
You are resistant to unholy torment.
You are immune to petrification.


   Skills:
 - Level 3.2 Fighting
 + Level 4.3 Axes
 - Level 3.2 Armour
 - Level 3.2 Shields


You had 3 spell levels left.
You didn't know any spells.
Your spell library was empty.

Inventory:

Hand Weapons
 i - a +0 club
 Y - a +0 war axe (weapon)
Armour
 c - a +0 buckler (worn)
 p - a +0 chain mail (worn)
Jewellery
 g - a ring of protection from cold (left hand)
 o - a +4 ring of evasion (right hand)
Scrolls
 j - a scroll of identify
Potions
 d - a potion of might
 f - a potion of lignification
 l - a potion of resistance {unknown}
 m - a potion of brilliance {unknown}

Dungeon Overview and Level Annotations

Branches:
Dungeon (3/15)

Altars:
Elyvilon
Uskayaw
Vehumet

Shops:
D:2 (


Message History

(D) Dungeon
Where to? (* - list waypoints, Enter - D:2, ? - help)
What level of the Dungeon? (default 1, ? - help)
There is a stone staircase leading down here.
Things that are here:
a +0 short sword; 4 stones You climb downwards.
There is a stone staircase leading up here.
Existing waypoints: (1) D:2 (2) D:1 Assign waypoint to what number? (0-9, D - delete waypoint) Waypoint 2 re-assigned from D:1 to D:3.
An orc comes into view. It is wielding a +0 whip.
The orc shouts!
You hear a shout!
Enter note: An orc comes into view. It is wielding a +0 dagger.
An orc priest comes into view. It is wielding a +0 whip.
Found a white marble altar of Elyvilon and a radiant altar of Vehumet.
The orc priest shouts!
An orc priest comes into view. It is wielding a +0 flail.
The orc hits you but does no damage.
The orc priest shouts!
You slash the orc!
You kill the orc!
The orc priest begins to cast a cantrip, but forgets the words!
The orc priest looks encouraged for a moment.
Things that are here:
a +0 whip; an orc corpse You slash the orc!
You kill the orc!
The orc priest begins to cast a cantrip, but forgets the words!
Found a scroll of enchant armour.
The orc priest calls down the wrath of Beogh upon you.
Beogh smites you!
Ouch! That really hurt!
The orc priest hits you but does no damage.
You barely miss the orc priest.
The orc priest invokes the aid of Beogh against you.
Beogh smites you!
You die...

#############
#######...........#
~~~~~~~.~~~~~~~##.#
~#####~.~#####~##.###
#~~~#~.~#~~~#~##...#
#~_..))..._~#~##..<#
#~~~#~.~#~~~#~##...#
#####~@~#####~##...#
~~~~~~~o~~~~~~~##....
##.....o###....
#...## #......# ...
#...# #......# .?
#.... #......# .
#...# #......#
######..


You could see 2 orc priests.

Vanquished Creatures
  4 adders
  2 worms (D:2)
  A dart slug (D:2)
  2 orcs (D:3)
  9 bats
  7 endoplasms
  A giant cockroach (D:2)
  2 goblins
  6 hobgoblins
  4 quokkas
  2 ball pythons (D:1)
  2 frilled lizards (D:2)
  4 kobolds
  5 rats
51 creatures vanquished.

Notes
Turn   | Place    | Note
-------+----------+-------------------------------------------
     0 | D:1      | qw the Gargoyle Fighter began the quest for the Orb.
     0 | D:1      | Reached XP level 1. HP: 14/14 MP: 1/1
     0 | D:1      | 0 ||| qw: Version: 0.2-a-10-g399e6c4
     0 | D:1      | 0 ||| qw: Game counter: 170
     0 | D:1      | 0 ||| qw: Always use a shield: true
     0 | D:1      | 0 ||| qw: God list: Okawaru
     0 | D:1      | 0 ||| qw: Allow faded altars: false
     0 | D:1      | 0 ||| qw: Do Orc after D:15 true
     0 | D:1      | 0 ||| qw: Do second Lair branch before Depths: true
     0 | D:1      | 0 ||| qw: Lair rune preference: random
     0 | D:1      | 0 ||| qw: Plans: Normal, Zot:1-4, God:TSO, Crypt, Tomb,
                  | Pan, Slime:5, Hells, Abyss, Orb
     0 | D:1      | 0 ||| PLANNING D:1-11
    91 | D:1      | Reached skill level 2 in Axes
   253 | D:1      | Reached XP level 2. HP: 19/19 MP: 2/2
   300 | D:1      | 300 ||| Stepping ~*~*~tactically~*~*~ (stealth).
   658 | D:1      | Reached skill level 3 in Axes
   859 | D:1      | Reached XP level 3. HP: 23/23 MP: 3/3
  1134 | D:1      | 1134 ||| UPGRADING to +0 chain mail.
  1144 | D:1      | 1144 ||| DROPPING +0 scale mail.
  1145 | D:1      | 1145 ||| DROPPING amulet of magic regeneration.
  1146 | D:1      | 1146 ||| UPGRADING to ring of protection from cold.
  1147 | D:1      | 1147 ||| UPGRADING to +4 ring of evasion.
  1148 | D:1      | 1148 ||| READING scroll labelled JOSONI NALU.
  1149 | D:1      | 1149 ||| READING 2 scrolls labelled CUGAPUKEIG.
  1150 | D:1      | 1150 ||| READING scroll labelled FOTEES BIBOLU.
  1151 | D:1      | 1151 ||| READING scroll labelled CAYD ZIEMEZEU.
  1152 | D:1      | 1152 ||| READING scroll labelled XAUPHO NECH.
  1189 | D:2      | 1189 ||| STAIRDANCE
  1217 | D:2      | Found Kivvecod's Antique Weapon Emporium.
  1241 | D:2      | 1241 ||| SHOPLISTING glowing whip (121 gold, have 29).
  1259 | D:2      | Reached XP level 4. HP: 28/28 MP: 4/4
  1271 | D:2      | Found a hide-covered altar of Uskayaw.
  1292 | D:2      | 1292 ||| Stepping ~*~*~tactically~*~*~ (stealth).
  1297 | D:2      | 1297 ||| Stepping ~*~*~tactically~*~*~ (stealth).
  1314 | D:2      | Reached skill level 4 in Axes
  1772 | D:2      | 1772 ||| READING scroll labelled VALEIT URAPYQ.
  1776 | D:2      | 1776 ||| READING 2 scrolls of identify.
  1776 | D:2      | 1776 ||| IDENTIFYING murky clear potion
  1812 | D:3      | Found a white marble altar of Elyvilon.
  1812 | D:3      | Found a radiant altar of Vehumet.
  1818 | D:3      | Killed from afar by an orc priest

Levels and vault maps discovered:
D:1:      minmay_arrival_arboretum_small, layout_loops_ring,
          chequers_serial_rivers_large_b
D:2:      layout_basic, basic_altar, serial_shops, shop
D:3:      layout_rooms, nicolae_overflow_two_pavilions,
          chequers_ecumenical_altar_simple

Skill      XL: |  1  2  3  4 |
---------------+-------------+-----
Axes           | 2 3 4 |  4.3
Fighting       | |  3.2
Armour         | |  3.2
Shields        | |  3.2

Action                   |  1- 3 |  4- 6 || total
-------------------------+-------+-------++-------
Melee: War axe           |   116 |    59 ||   175
  Use: Scroll            |     5 |     2 ||     7
Armor: Scale mail        |    53 |       ||    53
       Chain mail        |    14 |    25 ||    39
Dodge: Dodged            |    63 |    33 ||    96
Block: Buckler           |    22 |    10 ||    32

Table legend:
 A = Non-vault XP
 B = Vault XP
 C = Vault XP percentage of total XP
 D = Non-vault monster count
 E = Vault monster count
 F = Vault count percentage of total count
                 A         B        C        D         E       F
            +---------+---------+-------+---------+---------+-------
      Total |     142 |       0 |   0.0 |      51 |       0 |   0.0
            +---------+---------+-------+---------+---------+-------
        D:1 |      53 |       0 |   0.0 |      25 |       0 |   0.0
        D:2 |      83 |       0 |   0.0 |      24 |       0 |   0.0
        D:3 |       6 |       0 |   0.0 |       2 |       0 |   0.0
            +---------+---------+-------+---------+---------+-------
